 Dungeon Crawl Stone Soup version 0.32-a0-86-g8db1b9f803 (webtiles) character file.

Game seed: 9765043294688238621

2931 Newt the Fighter (level 9, 0/60 HPs)
             Began as a Gargoyle Fighter on Feb 5, 2024.
             Was an Initiate of Okawaru.
             Slain by a wight
             ... wielding a +3 trident of freezing
              (4 damage)
             ... on level 7 of the Dungeon.
             The game lasted 00:08:19 (7401 turns).

Newt the Fighter (Gargoyle Fighter)                 Turns: 7401, Time: 00:08:20

Health: 0/60       AC: 18    Str: 24    XL:     9   Next: 79%
Magic:  9/9        EV:  9    Int: 15    God:    Okawaru [......]
Gold:   421        SH:  8    Dex:  5    Spells: 8/8 levels left

rFire   + . .        a - +0 flail (vamp)
rCold   . . .        c - +0 buckler
rNeg    + + .        b - +0 scale mail
rPois   ∞            k - +2 helmet {SInv}
rElec   +            (no cloak)
rCorr   .            (no gloves)
SInv    +            (no boots)
Will    +....        v - amulet of reflection Stlth
                     p - ring of wizardry
HPRegen 0.30/turn    q - ring "Foniysoq" {rF+ rN+ Will+ Int+6 Dex-4}
MPRegen 0.11/turn

%: reflection, wizardry (x1)
@: no status effects
A: sickness immunity, AC +6, negative energy resistance 1, electricity
resistance, torment resistance 1, petrification resistance
a: Renounce Religion


You were on level 7 of the Dungeon.
You worshipped Okawaru.
Okawaru was noncommittal.
You visited 2 branches of the dungeon, and saw 8 of its levels.
You also visited: Sewer.

You collected 421 gold pieces.

Inventory:

Hand Weapons
 a - a +0 vampiric flail (weapon)
 d - a +2 dire flail of protection
Missiles
 u - 15 poisoned darts (quivered)
 w - a throwing net
 F - 4 boomerangs
 H - 16 stones
Armour
 b - a +0 scale mail (worn)
 c - a +0 buckler (worn)
 k - a +2 helmet of see invisible (worn)
Jewellery
 o - a ring of protection from cold
 p - a ring of wizardry (left hand)
 q - the ring "Foniysoq" (right hand) {rF+ rN+ Will+ Int+6 Dex-4}
   (You acquired it on level 4 of the Dungeon)

   [ring of intelligence]

   Int+6:     It affects your intelligence (+6).
   Dex-4:     It affects your dexterity (-4).
   rF+:       It protects you from fire.
   rN+:       It protects you from negative energy.
   Will+:     It increases your willpower.
 v - an amulet of reflection (around neck)
 B - a ring of protection from fire
 C - a ring of protection from fire
 E - an amulet of guardian spirit
Wands
 j - a wand of paralysis (2)
 t - a wand of flame (40)
 D - a wand of iceblast (5)
Scrolls
 e - a scroll of torment
 g - 2 scrolls of enchant armour
 i - 3 scrolls of teleportation
 l - 2 scrolls of poison
 n - 2 scrolls of brand weapon
 s - a scroll of blinking
 y - a scroll of fog {unknown}
 A - 2 scrolls of immolation {unknown}
 G - a scroll of silence {unknown}
Potions
 f - 4 potions of haste
 h - 3 potions of brilliance
 m - a potion of berserk rage {unknown}
 r - a potion of curing
 x - a potion of degeneration {unknown}
 z - a potion of resistance {unknown}


   Skills:
 + Level 9.1 Fighting
 - Level 8.1 Maces & Flails
 - Level 8.4 Armour
 - Level 3.2 Shields
 * Level 1.4 Evocations


You had 8 spell levels left.
You didn't know any spells.
Your spell library contained the following spells:

 Spells                   Type           Power      Damage    Failure   Level
 Shock                    Conj/Air       0%         1d3       26%         1
 Slow                     Hex            0%         N/A       26%         1
 Jinxbite                 Hex            0%         N/A       38%         2
 Confusing Touch          Hex            0%         N/A       61%         3
 Inner Flame              Hex/Fire       0%         N/A       61%         3
 Sigil of Binding         Hex            0%         N/A       61%         3
 Swiftness                Air            0%         N/A       61%         3
 Vampiric Draining        Necr           0%         2d6       61%         3
 Airstrike                Air            0%         2d(0-16)  93%         4
 Flame Wave               Conj/Fire      0%         2d4       93%         4
 Olgreb's Toxic Radiance  Alch           0%         N/A       93%         4
 Petrify                  Alch/Erth      0%         N/A       93%         4
 Sticky Flame             Fire/Alch      0%         2d4       93%         4
 Irradiate                Conj/Alch      0%         3d11      99%         5
 Yara's Violent Unravell  Hex/Alch       0%         3d3       99%         5
 Enfeeble                 Hex            0%         N/A       100%        7
 Ozocubu's Refrigeration  Ice            0%         4d7       100%        7
 Discord                  Hex            0%         N/A       100%        8
 Chain Lightning          Conj/Air       0%         N/A       100%        9
 Fire Storm               Conj/Fire      0%         5d1       100%        9
 Shatter                  Erth           0%         3d5*      100%        9
 Sublimation of Blood     Necr           Unusable   N/A       N/A         2
 Malign Gateway           Summ/Tloc      Unusable   N/A       N/A         7
 Summon Horrible Things   Summ           Unusable   N/A       N/A         8

Dungeon Overview and Level Annotations

Branches:
Dungeon (7/15)             Temple (1/1) D:7           Sewer (visited)

Altars:
Ashenzari
Cheibriados
Dithmenos
Elyvilon
Fedhas
Gozag
Kikubaaqudgha
Makhleb
Nemelex Xobeh
Okawaru
Qazlal
Ru
Sif Muna
Trog
Uskayaw
Vehumet
Wu Jian
Xom
Yredelemnul
Zin
The Shining One

Annotations:
D:6 2 transporters, 2 runed translucent doors, EnigmaSakura's ghost, novice DrRe
D:7 3 runed translucent doors, cforsyth's ghost, novice DjWr


Innate Abilities, Weirdness & Mutations

You are immune to sickness and miasma.
Your stone body is resilient. (AC +6)
You are immune to poison.
You resist negative energy. (rN+)
You are resistant to electric shocks. (rElec)
You are resistant to unholy torment.
You are immune to petrification.


Message History

The wight is almost destroyed.
The wight hits you but does no damage. The wight barely misses you.
Unknown command.
You closely miss the wight.
The wight is almost destroyed.
You block the wight's attack. x2
Unknown command.
You sock the wight!
You destroy the wight!
Okawaru accepts your kill.
The centaur shoots an arrow.
The arrow barely misses you.
The wight hits you from afar with a +3 trident of freezing.
* * * LOW HITPOINT WARNING * * *
The wight freezes you.
* * * LOW HITPOINT WARNING * * *
Unknown command.
You hit the centaur.
You feel better.
The centaur is almost dead.
The centaur unwields a +0 orcbow.
The centaur wields a +0 long sword.
You block the centaur's attack.
The centaur kicks you but does no damage.
The wight hits you from afar with a +3 trident of freezing.
* * * LOW HITPOINT WARNING * * *
The wight freezes you.
* * * LOW HITPOINT WARNING * * *
You feel better.
The centaur hits you but does no damage.
You block the centaur's attack.
The wight hits you from afar with a +3 trident of freezing!
* * * LOW HITPOINT WARNING * * *
The wight freezes you.
* * * LOW HITPOINT WARNING * * *
You block the centaur's attack. The centaur completely misses you.
You feel better.
The centaur hits you but does no damage.
The centaur barely misses you.
The wight hits you from afar with a +3 trident of freezing!
* * * LOW HITPOINT WARNING * * *
The wight freezes you.
You die...

....z.#.......# #..
..#....#......# #.#
....#...... .# #.#
#...#....# ..# #.#
#.....# ..# #.#
#..#.....#...### #.#
................
##.#########..##.....
#.......@cz...# ....
##.####.##z##.# ...
#.# #.##.....'.. ..
#.# #.#####..#.. .
#.# #.# #...... #.#
#.. ...####
#.#############
#.....##).....#
#####.##.####.#


You could see a centaur and 2 wights.

Vanquished Creatures
  A wyvern (D:7)
  A steam dragon (D:7)
  Edmund (D:4)
  2 acid dragons (D:6)
  A water moccasin (D:6)
  4 ice beasts
  2 sky beasts
  A black bear (D:6)
  An ogre (D:7)
  A centaur (D:6)
  A kobold brigand (D:6)
  3 bullfrogs
  8 wights
  2 howler monkeys
  2 bombardier beetles (D:4)
  3 hounds
  A jelly (D:6)
  A gnoll bouda (D:5)
  2 iguanas
  13 adders
  10 gnolls
  A shadow imp (D:6)
  A white imp (D:7)
  13 dart slugs
  A ribbon worm (D:2)
  19 orcs
  15 endoplasms
  9 giant cockroaches
  5 goblins
  5 hobgoblins
  6 jackals (D:2)
  2 quokkas
  9 ball pythons
  3 bats
  12 frilled lizards
  12 kobolds
  8 rats
182 creatures vanquished.

Notes
Turn   | Place    | Note
-------+----------+-------------------------------------------
     0 | D:1      | Newt the Gargoyle Fighter began the quest for the Orb.
     0 | D:1      | Reached XP level 1. HP: 14/14 MP: 1/1
   158 | D:1      | Found a faded altar of an unknown god.
   335 | D:1      | Reached XP level 2. HP: 19/19 MP: 2/2
   779 | D:1      | Reached XP level 3. HP: 24/24 MP: 3/3
  1298 | D:2      | Reached skill level 4 in Fighting
  1477 | D:1      | Reached XP level 4. HP: 9/29 MP: 4/4
  1890 | D:2      | Found an ancient bone altar of Kikubaaqudgha.
  2143 | D:3      | Reached XP level 5. HP: 33/34 MP: 5/5
  2189 | D:3      | Found a glowing drain.
  2212 | Sewer    | Entered a sewer
  2628 | Sewer    | Reached skill level 5 in Fighting
  2628 | Sewer    | Reached skill level 5 in Maces & Flails
  2628 | Sewer    | Reached XP level 6. HP: 12/40 MP: 6/6
  2942 | D:3      | Found a burning altar of Makhleb.
  2945 | D:3      | Found a glowing golden altar of the Shining One.
  2948 | D:3      | Found a broken altar of Ashenzari.
  2951 | D:3      | Found a hide-covered altar of Uskayaw.
  3247 | D:4      | Identified a scroll of acquirement
  3248 | D:4      | Acquired the ring "Foniysoq" {rF+ rN+ Will+ Int+6 Dex-4}
  3266 | D:4      | Found a stormy altar of Qazlal.
  3681 | D:4      | Reached XP level 7. HP: 38/44 MP: 7/7
  3719 | D:4      | Noticed Edmund
  3738 | D:4      | Killed Edmund
  3743 | D:4      | Reached skill level 6 in Fighting
  4127 | D:5      | Entered Level 5 of the Dungeon
  4218 | D:5      | Reached XP level 8. HP: 52/52 MP: 8/8
  4864 | D:5      | Reached skill level 7 in Fighting
  5548 | D:5      | Found an ornate altar of the Wu Jian Council.
  5903 | D:6      | Found a transporter.
  5981 | D:6      | Found a transporter.
  6103 | D:6      | Reached skill level 5 in Armour
  6163 | D:6      | Reached XP level 9. HP: 52/59 MP: 2/9
  6205 | D:6      | Reached skill level 8 in Fighting
  6494 | D:6      | Found a large runed translucent door.
  6494 | D:6      | Found a large runed translucent door.
  6498 | D:6      | Noticed EnigmaSakura's ghost (novice DrRe)
  6791 | D:7      | Found a glowing silver altar of Zin.
  6791 | D:7      | Found a white marble altar of Elyvilon.
  6876 | D:7      | Found a staircase to the Ecumenical Temple.
  6887 | Temple   | Entered the Ecumenical Temple
  6895 | Temple   | Became a worshipper of Warmaster Okawaru
  7057 | D:7      | Noticed cforsyth's ghost (novice DjWr)
  7059 | D:7      | Noticed a deep elf pyromancer
  7066 | D:7      | Found a runed translucent gate.
  7066 | D:7      | Found a runed translucent gate.
  7068 | D:7      | Found a runed translucent gate.
  7313 | D:7      | Reached skill level 9 in Fighting
  7377 | D:7      | Reached skill level 1 in Evocations
  7400 | D:7      | HP: 2/60 [wight/+3 trident of freezing (4)]
  7401 | D:7      | Slain by a wight

Illustrated notes

Levels and vault maps discovered:
D:1:      giann_horns, layout_loops_ring, shapermc_ecumenical_altar_gd,
          serial_co_window_serial, co_window_of_opportunity_a,
          co_window_cross_1, co_window_paths_b, co_window_paths_a,
          co_window_of_opportunity_a, co_window_paths_b, co_window_paths_a,
          co_window_of_opportunity_c, co_window_corner_cb, co_window_broadway_b,
          co_window_2corner, co_window_paths_e, co_window_paths_d,
          glass_columns_a, glass_columns_c, minmay_pentomino_q2
D:2:      layout_loops_ring, basic_altar
D:3:      layout_basic, nicolae_overflow_macrodata_refinement,
          cheibrodos_sewer_entry_drain, kennysheep_generic_room_7
D:4:      layout_cave_pools, grunt_qazlal_sundering, grunt_ministairs_8,
          uniq_edmund
D:5:      layout_layer_cave, mainiacjoe_overflow_alcove_2, due_unseen_surprise
D:6:      gammafunk_steamed_eel, layout_loops_ring, ebering_ghost_disaster_area,
          minmay_chambers_of_fives
D:7:      layout_basic, chequers_temple_overflow_statue_of_worship,
          minmay_temple_entry_gardened_gates, gammafunk_ghost_split,
          hangedman_decor_peaks_small
Temple:   nicolae_temple_bog_church

Skill      XL: |  1  2  3  4  5  6  7  8  9 |
---------------+----------------------------+-----
Maces & Flails | 3 4 5 6 7 8 |  8.1
Fighting       | 4 5 6 7 9 |  9.1
Armour         | 5 8 |  8.4
Evocations     | 1 |  1.4
Shields        | |  3.2

Action                     |  1- 3 |  4- 6 |  7- 9 || total
---------------------------+-------+-------+-------++-------
  Melee: Flail             |    78 |   349 |   403 ||   830
  Throw: Dart              |       |       |    14 ||    14
  Evoke: Wand              |     1 |     4 |     5 ||    10
    Use: Scroll            |       |     7 |       ||     7
         Potion            |       |       |     7 ||     7
   Stab: Paralysed         |       |     6 |     3 ||     9
 Armour: Scale mail        |    54 |   238 |   298 ||   590
  Dodge: Dodged            |    38 |   140 |   145 ||   323
  Block: Buckler           |    16 |    67 |   178 ||   261
         Reflection        |       |       |     5 ||     5

Table legend: (Time is in decaauts)
 A = Elapsed time spent in this place.
 B = Non-inter-level travel time spent in this place.
 C = Inter-level travel time spent in this place.
 D = Time resting spent in this place.
 E = Time spent auto-exploring this place.
 F = Levels seen in this place.
 G = Mean time per level.
                   A        B        C        D        E       F      G
               +--------+--------+--------+--------+--------+-----+--------+
         Total |   7558 |   7333 |    225 |   1137 |   4575 |   9 |  839.8 |
       Dungeon |   6775 |   6565 |    210 |    936 |   4398 |   7 |  967.9 |
        Temple |     16 |      1 |     15 |      0 |      0 |   1 |   16.0 |
         Sewer |    765 |    765 |      0 |    201 |    177 |   1 |  765.0 |
               +--------+--------+--------+--------+--------+-----+--------+

Top non-repeatable levels by time:
     D:5: 1756 daAuts
     D:1: 1401 daAuts
     D:6: 899 daAuts
     D:4: 892 daAuts
   Sewer: 765 daAuts
     D:2: 723 daAuts
     D:7: 595 daAuts
     D:3: 505 daAuts
  Temple: 16 daAuts
